 Dungeon Crawl Stone Soup version 0.27.1-35-g4d5d836560 (webtiles) character file.

Game seed: 4004600494636314788

412877 Delamore the Warrior (level 23, -10/176 HPs)
             Began as an Octopode Brigand on Mar 12, 2022.
             Was an Initiate of Gozag.
             Mangled by a war gargoyle (18 damage)
             ... on level 5 of the Vaults.
             The game lasted 01:34:38 (66576 turns).

Delamore the Warrior (Octopode Brigand)            Turns: 66576, Time: 01:34:38

Health: -10/176    AC:  7    Str: 17    XL:     23   Next: 20%
Magic:  37/37      EV: 27    Int: 23    God:    Gozag
Gold:   1510       SH: 15    Dex: 26    Spells: 39/42 levels left

rFire    + + +     SeeInvis +   a - +9 rapier (vamp)
rCold    + + +     Faith    .   u - +0 kite shield {reflect}
rNeg     + + +     Spirit   .   Z - +2 hat {Will+}
rPois    +         Reflect  +   Q - amulet of the Four Winds {rN+ Will+++ Clar}
rElec    +         Harm     .   z - ring of Divine Compulsion {rPois rF++ rC+ Will- SInv}
rCorr    +         Rampage  .   p - ring of Notumnag {AC+4 Dex+6}
Will     +++++     Clarity  +   G - +4 ring of slaying
Stlth    ++++++++..             d - ring of resist corrosion
HPRegen  0.39/turn              x - +4 ring of slaying
MPRegen  0.25/turn              f - ring "Deulag" {rC+ rN++ Str+4 SInv}
                                J - ring of Mikuopt {rF+++ rC+ Int+6 Dex-2}
                                C - ring of Cixu {Wiz +Blink rElec Str+2 Dex+3}

@: marked, gold aura, on berserk cooldown, slowed, very slow
A: almost no armour, amphibious, 8 rings, camouflage 1, gelatinous body 1,
(nimble swimmer 1), tentacles, strong-willed 1
}: 3/15 runes: decaying, serpentine, silver
a: Renounce Religion, Evoke Blink, Potion Petition, Call Merchant, Bribe Branch


You were on level 5 of the Vaults.
You worshipped Gozag.
Gozag was most pleased with you.
You visited 7 branches of the dungeon, and saw 37 of its levels.
You visited 1 bazaar.
You also visited: Bailey and Ice Cave.

You collected 20419 gold pieces.
You spent 6995 gold pieces at shops.
You paid 11914 gold pieces to Gozag.

Inventory:

Hand Weapons
 a - a +9 vampiric rapier (weapon)
Missiles
 t - 29 boomerangs (quivered)
 y - 11 javelins
 A - 8 silver boomerangs
 F - 5 silver javelins
 L - a throwing net
 V - a curare-tipped dart
Armour
 b - a +0 tower shield
 u - a +0 kite shield of reflection (worn)
 Z - a +2 hat of willpower (worn)
Jewellery
 d - a ring of resist corrosion (on tentacle)
 f - the ring "Deulag" (on tentacle) {rC+ rN++ Str+4 SInv}
   (You bought it in a shop in a bazaar)

   [ring of protection from cold]

   Str:       It affects your strength (+4).
   rC:        It protects you from cold.
   rN:        It greatly protects you from negative energy.
   SInv:      It lets you see invisible.
 p - the ring of Notumnag (right tentacle) {AC+4 Dex+6}
   (You found it on level 4 of the Dungeon)

   [ring of protection]

   AC:        It affects your AC (+4).
   Dex:       It affects your dexterity (+6).
 x - a +4 ring of slaying (on tentacle)
 z - the ring of Divine Compulsion (left tentacle) {rPois rF++ rC+ Will- SInv}
   (You bought it in a shop on level 2 of the Lair of Beasts)

   [ring of protection from cold]

   rF:        It greatly protects you from fire.
   rC:        It protects you from cold.
   rPois:     It protects you from poison.
   SInv:      It lets you see invisible.
   Will:      It decreases your willpower.
 C - the ring of Cixu (on tentacle) {Wiz +Blink rElec Str+2 Dex+3}
   (You bought it in a shop in a bazaar)

   [ring of wizardry]

   It improves your spell success rate.
   Str:       It affects your strength (+2).
   Dex:       It affects your dexterity (+3).
   rElec:     It insulates you from electricity.
   +Blink:    It lets you blink.
 G - a +4 ring of slaying (on tentacle)
 J - the ring of Mikuopt (on tentacle) {rF+++ rC+ Int+6 Dex-2}
   (You found it on level 2 of the Lair of Beasts)

   [ring of intelligence]

   Int:       It affects your intelligence (+6).
   Dex:       It affects your dexterity (-2).
   rF:        It renders you almost immune to fire.
   rC:        It protects you from cold.
 Q - the amulet of the Four Winds (around mantle) {rN+ Will+++ Clar}
   (You bought it in a shop in a bazaar)

   [amulet of nothing]

   rN:        It protects you from negative energy.
   Clar:      It protects you against confusion.
   Will:      It greatly increases your willpower.
 U - the ring of Lucidity {Wiz rF+ rC+ Str+4}
   (You bought it in a shop on level 2 of the Dungeon)

   [ring of wizardry]

   It improves your spell success rate.
   Str:       It affects your strength (+4).
   rF:        It protects you from fire.
   rC:        It protects you from cold.
Wands
 m - a wand of paralysis (21)
 v - a wand of charming (31)
 B - a wand of digging (17)
 D - a wand of acid (34)
 R - a wand of flame (121)
 Y - a wand of iceblast (39)
Scrolls
 g - 4 scrolls of immolation
 h - 15 scrolls of identify
 i - 4 scrolls of silence
 k - 5 scrolls of fog
 q - 12 scrolls of magic mapping
 s - 5 scrolls of enchant weapon
 E - 3 scrolls of holy word
 I - 2 scrolls of summoning
 K - 2 scrolls of enchant armour
 M - 18 scrolls of teleportation
 T - 4 scrolls of brand weapon
Potions
 j - 13 potions of curing
 n - 3 potions of magic
 r - 10 potions of flight
 w - 3 potions of might
 N - 4 potions of ambrosia
 O - 6 potions of haste
 P - 2 potions of berserk rage
 S - 2 potions of cancellation
 W - 2 potions of resistance
Miscellaneous
 c - a lightning rod (4/4)
 e - a phantom mirror
 l - a condenser vane (inert)
 o - a phial of floods


   Skills:
 - Level 20.0 Fighting
 + Level 14.3 Short Blades
 + Level 10.6 Throwing
 - Level 15.0 Dodging
 - Level 15.0 Stealth
 + Level 15.3 Shields
 - Level 10.0 Spellcasting
 - Level 10.0 Hexes
 + Level 15.4 Evocations


You had 39 spell levels left.
You knew the following spells:

 Your Spells              Type           Power      Damage    Failure   Level
a - Dazzling Flash        Conj/Hex       68%        N/A       1%          3

Your spell library contained the following spells:

 Spells                   Type           Power      Damage    Failure   Level
 Corona                   Hex            61%        N/A       1%          1
 Portal Projectile        Hex/Tloc       68%        N/A       1%          3
 Summon Guardian Golem    Hex/Summ       34%        N/A       1%          3
 Animate Skeleton         Necr           22%        N/A       2%          1
 Apportation              Tloc           22%        N/A       2%          1
 Magic Dart               Conj           44%        1d5       2%          1
 Pain                     Necr           44%        1d6       2%          1
 Summon Small Mammal      Summ           44%        N/A       2%          1
 Fulminant Prism          Conj/Hex       17%        3d11      2%          4
 Leda's Liquefaction      Hex/Erth       17%        N/A       2%          4
 Call Imp                 Summ           11%        N/A       3%          2
 Corpse Rot               Necr/Air       N/A        N/A       3%          2
 Poisonous Vapours        Pois/Air       22%        N/A       3%          2
 Call Canine Familiar     Summ           11%        N/A       7%          3
 Ignite Poison            Fire/Tmut/Pois 11%        N/A       7%          3
 Mephitic Cloud           Conj/Pois/Air  11%        N/A       7%          3
 Ozocubu's Armour         Ice            11%        N/A       7%          3
 Metabolic Englaciation   Hex/Ice        17%        N/A       9%          5
 Summon Mana Viper        Hex/Summ       34%        N/A       9%          5
 Animate Dead             Necr           5%         N/A       22%         4
 Olgreb's Toxic Radiance  Pois           11%        N/A       22%         4
 Petrify                  Tmut/Erth      11%        N/A       22%         4
 Summon Ice Beast         Ice/Summ       11%        N/A       22%         4
 Agony                    Necr           11%        N/A       50%         5
 Bolt of Magma            Conj/Fire/Erth 5%         4d5       50%         5
 Excruciating Wounds      Necr           5%         N/A       50%         5
 Freezing Cloud           Conj/Ice/Air   5%         6-21      50%         5
 Summon Forest            Summ/Tloc      5%         N/A       50%         5
 Discord                  Hex            27%        N/A       91%         8
 Conjure Ball Lightning   Conj/Air       5%         3x3d6     96%         6
 Simulacrum               Ice/Necr       5%         N/A       96%         6
 Statue Form              Tmut/Erth      7%         N/A       96%         6
 Haunt                    Necr/Summ      5%         N/A       100%        7
 Monstrous Menagerie      Summ           5%         N/A       100%        7
 Orb of Destruction       Conj           5%         9d2       100%        7
 Ozocubu's Refrigeration  Ice            5%         4d6       100%        7
 Spellforged Servitor     Conj/Summ      5%         N/A       100%        7
 Disjunction              Tloc           5%         N/A       100%        8
 Ignition                 Fire           5%         3d4       100%        8
 Infestation              Necr           5%         N/A       100%        8
 Lehudib's Crystal Spear  Conj/Erth      5%         10d3      100%        8


Dungeon Overview and Level Annotations

Branches:
Dungeon (15/15)            Temple (1/1) D:7            Lair (6/6) D:9
  Swamp (4/4) Lair:2        Snake (4/4) Lair:3        Slime (0/5) Lair:5
    Orc (2/2) D:9             Elf (0/3) Orc:2        Vaults (5/5) D:14
  Crypt (0/3) Vaults:3     Depths (0/5) D:15         Bailey (visited)
  IceCv (visited)

Altars:
Ashenzari
Dithmenos
Elyvilon
Gozag
Kikubaaqudgha
Makhleb
Nemelex Xobeh
Okawaru
Qazlal
Ru
Sif Muna
Uskayaw
Vehumet
Wu Jian
Xom
Yredelemnul
Zin
Beogh
Jiyva

Shops:
D:2 =   D:6 !   D:9 =   D:11 ((   D:14 =?   Orc:2 =[*(   Lair:2 *=
Snake:1 :[(   Snake:2 ((*   Snake:3 =   Vaults:2 [   Vaults:3 (

Portals:
Trove: D:14 (give 5 potions of resistance)

Annotations:
Lair:2 exclusion: 3 oklob plants
Vaults:5 Mennas


Innate Abilities, Weirdness & Mutations

You cannot wear most types of armour.
You are amphibious.
You can wear up to eight rings at the same time.
Your skin changes colour to match your surroundings (Stealth+).
Your rubbery body absorbs attacks. (AC +1, EV +1)
((You are camouflaged near water. (Stealth+)))
You have tentacles for arms and can constrict up to eight enemies at once.
You are strong-willed. (Will+)


Message History

You grab the war gargoyle.
You squeeze the war gargoyle, but do no damage.
You constrict the war gargoyle, but do no damage.
The war gargoyle hits you with a +0 dire flail!!
* * * LOW HITPOINT WARNING * * *
You are too berserk!
You hit the war gargoyle.
The war gargoyle is lightly damaged.
You constrict the war gargoyle. You puncture the war gargoyle!
The war gargoyle is moderately damaged.
You constrict the war gargoyle, but do no damage.
You puncture the war gargoyle!
The war gargoyle is heavily damaged.
You constrict the war gargoyle, but do no damage.
The war gargoyle hits you with a +0 dire flail!!
* * * LOW HITPOINT WARNING * * *
You hit the war gargoyle but do no damage.
The war gargoyle is heavily damaged.
You constrict the war gargoyle, but do no damage.
You release your grip on the war gargoyle.
Found a scroll of identify and a glowing short sword.
You feel a strong urge to attack something.
Found five items.
You are no longer berserk.
You are exhausted.
You feel yourself slow down.
Okay, then.
Press: ? - help, v - describe, . - travel
Here: a war gargoyle, wielding a +0 dire flail (heavily damaged)
The floor.
Okay, then.
Found four items.
The titan is distracted by your dazzling golden aura.
The war gargoyle misses you.
The phantasmal warrior blinks!
Found 47 gold pieces, a book of Blood and a book of Minor Magic.
The phantasmal warrior blinks!
The war gargoyle hits you with a +0 dire flail!!
You die...
Your body crumbles into a pile of gold.

##.#$#.#..#..|).#......#..
#.......#.#######.#.#...#.
#..#...#.)# $ ##.......#
#...#.....# $ $#.#.#.#.#.
#.$#$..#..# $##.......A
#$#.#.#.#.# $ ::#...#.#.#.
###'####### #'###########'
#.......9.#$)$.$#
#.#..#..#@W[?.$)'
#..ยง......#!|}.)#
###C####### #'###
#.$..C$.#.#$$ )}
##.#.#...## $ $#
#...#.#...#$ $ $ ...#.
#p.#.#.#..# $ .!...#
#.#.#.#...# ..#.#. ##.#
.....# $ ...#.#


You could see a titan (unaware), a war gargoyle and a phantasmal warrior.

Vanquished Creatures
  Mara (Snake:4)
  Sojobo (Vaults:4)
  Margery (Vaults:4)
  Saint Roka (Snake:4)
  2 golden dragons
  Jorgrun (Orc:1)
  3 tentacled monstrosities
  2 titans
  3 quicksilver dragons
  4 sphinxes
  5 tengu reavers
  3 thorn hunters (Swamp:4)
  A storm dragon (Vaults:5)
  Frances (Snake:2)
  A shadow dragon (Vaults:4)
  4 nagarajas
  Donald (Vaults:4)
  7 vault wardens
  2 fenstrider witches (Swamp:4)
  2 iron dragons
  2 orc warlords
  Louise (Swamp:1)
  2 frost giants
  A ghoul (Vaults:3)
  2 deep elf sorcerers (Vaults:5)
  20 ironbound preservers
  A war gargoyle (Vaults:1)
  9 very ugly things
  A deep elf demonologist (Vaults:4)
  Nessos (D:15)
  4 entropy weavers (Vaults:3)
  6 dire elephants
  3 bunyips
  3 crystal guardians
  7 eleionomae
  A jiangshi (Vaults:3)
  The ghost of H0rd4k the Carver, a journeyman HuAr of Gozag (D:10)
  16 yaktaur captains
  An ettin (Vaults:5)
  A fire dragon (Lair:6)
  2 blizzard demons (Swamp:4)
  2 shambling mangroves (Swamp:4)
  Harold (Orc:1)
  2 great orbs of eyes
  22 hydras
  25 vault guards
  6 ironbound thunderhulks
  15 naga warriors
  7 salamander tyrants
  2 peacekeepers
  Erolcha (Orc:2)
  3 ogre magi
  10 boulder beetles
  2 spriggan air magi (Swamp:4)
  7 centaur warriors
  A fenstrider witch skeleton (Swamp:3)
  16 two-headed ogres
  3 catoblepae
  3 ghost crabs
  7 alligators
  An anaconda (shapeshifter) (Vaults:5)
  12 ironbound frosthearts
  3 tengu warriors (D:14)
  12 anacondas
  11 death yaks
  A deep troll earth mage (Vaults:5)
  11 ironbound beastmasters
  Urug (D:12)
  A spriggan berserker (Swamp:4)
  2 orc high priests (Orc:2)
  5 hell knights (Vaults:4)
  3 shock serpents
  The ghost of waddelsworth the Thaumaturge, a novice DECj of Vehumet (D:9)
  2 spriggans
  16 naga sharpshooters
  4 soul eaters (Swamp:4)
  3 salamander mystics
  3 sea snakes (Snake:2)
  5 swamp dragons
  15 lindwurms
  2 naga ritualists (Snake:2)
  10 bog bodies
  51 deep trolls
  13 wizards
  3 spriggan druids
  Pikel (D:7)
  14 ironbound convokers
  5 necromancers
  4 phantasmal warriors
  9 deep elf pyromancers
  An orange crystal statue (Vaults:2)
  6 deep elf zephyrmancers
  A harpy (shapeshifter) (Vaults:5)
  4 harpies
  5 orc knights
  2 will-o-the-wisps
  9 orc sorcerers
  12 mana vipers
  A stone giant zombie (Vaults:1)
  22 ugly things
  15 salamanders
  6 manticores
  A wolf spider (Lair:4)
  2 human zombies (Vaults:1)
  8 cyclopes
  A faun (shapeshifter) (D:14)
  An ice statue (IceCv)
  A guardian serpent (shapeshifter) (D:14)
  33 black mambas
  A salamander (shapeshifter) (D:14)
  A water nymph (shapeshifter) (Vaults:1)
  8 guardian serpents
  19 vault sentinels
  18 naga magi
  2 centaur skeletons (D:15)
  3 orange demons (Swamp:4)
  13 cane toads
  2 gargoyles
  7 torpor snails
  2 unseen horrors
  28 yaktaurs
  Psyche (D:10)
  An efreet (D:15)
  2 rime drakes (Lair:4)
  A komodo dragon (shapeshifter) (D:15)
  A yaktaur (shapeshifter) (D:13)
  A kobold demonologist (D:10)
  A freezing wraith (Vaults:5)
  3 hellwings (Swamp:4)
  14 komodo dragons
  3 meliai (D:15)
  9 tyrant leeches
  A bloated husk (Swamp:1)
  5 trolls
  9 polar bears (IceCv)
  Prince Ribbit (D:9)
  12 hornets
  29 blink frogs
  A dream sheep (Lair:4)
  28 slime creatures
  An ettin zombie (Vaults:1)
  Sigmund (D:3)
  5 redbacks (Vaults:3)
  A tarantella (Vaults:3)
  3 shadows
  A centaur simulacrum (D:14)
  3 wraiths
  A vampire (D:10)
  65 yaks
  11 wyverns
  8 basilisks
  15 vampire mosquitoes
  A chaos spawn (Swamp:4)
  A steam dragon (Lair:4)
  58 nagas
  4 wargs
  Menkaure (D:7)
  3 acid dragons
  11 swamp worms
  25 water moccasins
  A human simulacrum (Vaults:3)
  A death drake simulacrum (Swamp:3)
  An ice beast (shapeshifter) (Vaults:5)
  45 orc warriors
  An ice beast (D:5)
  2 swamp drakes (Swamp:1)
  A spriggan simulacrum (Swamp:3)
  5 black bears
  2 necrophages
  7 ogres
  38 wolves
  10 centaurs
  A lemure (D:7)
  A phantom (D:6)
  15 bullfrogs
  2 gnoll sergeants (D:12)
  2 scorpions
  A troll zombie (Swamp:1)
  A water moccasin skeleton (D:6)
  10 killer bees
  4 howler monkeys
  5 centaur zombies
  2 jellies
  13 orc priests
  2 hounds
  3 bullfrog skeletons
  25 orc wizards
  Ijyb (D:5)
  A scorpion zombie (D:5)
  3 iguanas
  6 hell rats
  A hound zombie (D:5)
  3 howler monkey zombies
  31 gnolls
  5 adders
  A shadow imp (D:6)
  2 white imps
  6 worms
  3 dart slugs
  63 orcs
  8 ball pythons
  4 bats
  3 endoplasms
  3 giant cockroaches
  29 goblins
  18 hobgoblins
  3 quokkas
  2 frilled lizards
  7 kobolds
  A rat (D:1)
1472 creatures vanquished.

Vanquished Creatures (collateral kills)
  An ancient champion (Vaults:3)
  An ettin (Vaults:5)
  A flayed ghost (Vaults:5)
  A polar bear (IceCv)
4 creatures vanquished.

Vanquished Creatures (others)
  2 dread liches (Vaults:5)
  2 tentacled monstrosities (Vaults:5)
  2 titans (Vaults:5)
  A tengu reaver (Vaults:5)
  2 shadow dragons (Vaults:5)
  A storm dragon (Vaults:5)
  A fenstrider witch (Swamp:4)
  A frost giant (Vaults:5)
  A fire giant (Vaults:5)
  A deep elf sorcerer (Vaults:5)
  A vault warden (Vaults:5)
  2 ironbound preservers (Vaults:5)
  A very ugly thing (Vaults:5)
  2 stone giants (Vaults:5)
  A deep elf annihilator (Vaults:5)
  An entropy weaver (Vaults:5)
  2 ettins (Vaults:5)
  A deep elf death mage (Vaults:5)
  A deep elf high priest (Vaults:5)
  2 yaktaur captains (Vaults:5)
  An ogre mage (Vaults:5)
  A vault guard (Vaults:5)
  A spriggan druid (Swamp:3)
  2 phantasmal warriors (Vaults:5)
  An orc knight (Vaults:5)
  2 ironbound convokers (Vaults:5)
  An orc sorcerer (Vaults:5)
  2 bloated husks
  2 hornets (Swamp:4)
  A yak (IceCv)
  A swamp drake (Swamp:1)
  An orc warrior (Vaults:5)
  An orc wizard (D:7)
  3 orcs
  4 foxfires (Swamp:2)
  25 fungi
  34 plants
111 creatures vanquished.

Grand Total: 1587 creatures vanquished

Notes
Turn   | Place    | Note
-------+----------+-------------------------------------------
     0 | D:1      | Delamore the Octopode Brigand began the quest for the Orb.
     0 | D:1      | Reached XP level 1. HP: 14/14 MP: 1/1
   327 | D:1      | Found a faded altar of an unknown god.
   357 | D:1      | Reached XP level 2. HP: 19/19 MP: 2/2
   996 | D:2      | Reached XP level 3. HP: 18/24 MP: 3/3
  1181 | D:2      | Reached skill level 1 in Shields
  1193 | D:2      | Noticed a black bear
  1216 | D:2      | Killed a black bear
  1217 | D:2      | Reached XP level 4. HP: 10/29 MP: 4/4
  1217 | D:2      | Reached XP level 5. HP: 12/34 MP: 5/5
  2296 | D:2      | Found Lozxeps's Jewellery Boutique.
  2591 | D:3      | Noticed Sigmund
  2595 | D:3      | Killed Sigmund
  2596 | D:3      | Reached XP level 6. HP: 39/39 MP: 6/6
  2698 | D:3      | Found an ornate altar of the Wu Jian Council.
  3239 | D:3      | Found a shimmering blue altar of Sif Muna.
  3243 | D:3      | Found a radiant altar of Vehumet.
  3248 | D:3      | Found a shimmering altar of Xom.
  3587 | D:4      | Noticed a necrophage
  3662 | D:4      | Killed a necrophage
  3663 | D:4      | Reached XP level 7. HP: 38/45 MP: 7/7
  3737 | D:4      | Identified the ring of Notumnag {AC+4 Dex+6}
  4129 | D:4      | Reached skill level 5 in Short Blades
  4553 | D:5      | Entered Level 5 of the Dungeon
  4597 | D:5      | Reached XP level 8. HP: 17/50 MP: 8/8
  4841 | D:5      | Noticed a yak
  4842 | D:5      | Noticed a yak
  4860 | D:5      | Noticed a yak
  4891 | D:4      | Killed a yak
  4892 | D:4      | Reached skill level 10 in Stealth
  5063 | D:5      | Noticed a yak
  5091 | D:4      | Killed a yak
  5342 | D:5      | Noticed Ijyb
  5370 | D:5      | Killed Ijyb
  5374 | D:5      | Found a stormy altar of Qazlal.
  5475 | D:5      | Killed a yak
  5528 | D:5      | Killed a yak
  5729 | D:5      | Found a broken altar of Ashenzari.
  6020 | D:5      | Reached XP level 9. HP: 52/54 MP: 9/9
  6363 | D:6      | Reached skill level 1 in Evocations
  6580 | D:6      | Reached skill level 3 in Fighting
  6593 | D:6      | Noticed a cyclops
  7120 | D:7      | Found an ancient bone altar of Kikubaaqudgha.
  7373 | D:7      | Found a staircase to the Ecumenical Temple.
  7381 | Temple   | Entered the Ecumenical Temple
  7444 | Temple   | Became a worshipper of Gozag Ym Sagoz the Greedy
  7591 | D:7      | Noticed Pikel
  7611 | D:7      | Killed Pikel
  7612 | D:7      | Reached skill level 4 in Fighting
  7785 | D:7      | Noticed Menkaure
  7791 | D:7      | Killed Menkaure
  7792 | D:7      | Reached XP level 10. HP: 65/65 MP: 10/10
  8187 | D:6      | Found Digon's Distillery.
  8192 | D:6      | Bought a potion of heal wounds for 70 gold pieces
  8926 | D:8      | Reached skill level 5 in Fighting
  9182 | D:8      | Reached skill level 5 in Evocations
  9611 | D:6      | Noticed a four-headed hydra
  9614 | D:6      | Killed a four-headed hydra
  9615 | D:6      | Reached skill level 10 in Short Blades
  9615 | D:6      | Reached skill level 5 in Dodging
  9762 | D:6      | Killed a cyclops
 10278 | D:9      | Found a runed translucent gate.
 10279 | D:9      | Found a runed translucent gate.
 10279 | D:9      | Noticed a nine-headed hydra
 10280 | D:9      | Found a runed translucent gate.
 10281 | D:9      | Noticed waddelsworth's ghost (novice DECj)
 10281 | D:9      | Noticed an 11-headed hydra
 10356 | D:9      | Noticed a two-headed ogre
 10386 | D:9      | Killed a two-headed ogre
 10557 | D:9      | Found a staircase to the Lair.
 10557 | D:9      | Found a staircase to the Orcish Mines.
 10601 | D:9      | Identified the +6 mace "Wueshyug" {vorpal, Str+2}
 10879 | D:9      | Found a shadowy altar of Dithmenos.
 10952 | D:9      | Found Anynk's Jewellery Boutique.
 11049 | D:9      | Found a burning altar of Makhleb.
 11139 | D:10     | Entered Level 10 of the Dungeon
 11159 | D:10     | Reached skill level 6 in Fighting
 11341 | D:2      | Bought the ring of Lucidity {Wiz rF+ rC+ Str+4} for 594
                  | gold pieces
 11479 | Lair:1   | Entered Level 1 of the Lair of Beasts
 11479 | Lair:1   | Noticed Prince Ribbit
 11479 | Lair:1   | Found a hide-covered altar of Uskayaw.
 11493 | D:9      | Reached XP level 11. HP: 50/72 MP: 11/11
 11689 | D:9      | Killed Prince Ribbit
 12311 | Lair:1   | Reached skill level 5 in Throwing
 12470 | Lair:1   | Reached skill level 7 in Fighting
 13202 | Lair:2   | Noticed a seven-headed hydra
 13269 | Lair:2   | Killed a seven-headed hydra
 13280 | Lair:2   | Found a staircase to the Swamp.
 13283 | Lair:2   | Noticed a four-headed hydra
 13420 | Lair:2   | Killed a four-headed hydra
 13584 | Lair:2   | Identified the ring of Mikuopt {rF+++ rC+ Int+6 Dex-2}
 13680 | Lair:2   | Reached skill level 8 in Fighting
 13752 | Lair:2   | Reached XP level 12. HP: 83/83 MP: 12/12
 14345 | Lair:2   | Reached skill level 9 in Fighting
 16284 | Lair:3   | Found a staircase to the Snake Pit.
 16421 | Lair:3   | Found a frozen archway.
 16429 | IceCv    | Entered an ice cave
 17184 | IceCv    | Reached skill level 10 in Dodging
 17186 | IceCv    | Reached skill level 10 in Fighting
 17216 | IceCv    | Reached skill level 15 in Stealth
 17278 | IceCv    | Reached XP level 13. HP: 58/92 MP: 13/13
 20037 | IceCv    | Identified the +1 pair of boots "Etrimuopt" {rElec Will+}
 20999 | Lair:2   | Bought a potion of degeneration for 12 gold pieces
 21040 | Lair:3   | Found an ancient bone altar of Kikubaaqudgha.
 21929 | Lair:4   | Reached XP level 14. HP: 99/99 MP: 14/14
 22712 | Lair:4   | Identified the amulet of the Sparrow {Acrobat Contam rElec
                  | Regen+ Dex+4}
 23820 | Lair:5   | Found a viscous altar of Jiyva.
 23821 | Lair:5   | Found a staircase to the Slime Pits.
 24979 | Lair:6   | Entered Level 6 of the Lair of Beasts
 25081 | Lair:6   | Reached skill level 10 in Evocations
 25583 | Lair:6   | Found a runed translucent door.
 25680 | Lair:6   | Reached XP level 15. HP: 83/103 MP: 15/15
 25697 | Lair:6   | Reached skill level 10 in Throwing
 25747 | Lair:6   | Reached skill level 1 in Spellcasting
 26501 | D:2      | Bought a +4 ring of slaying for 780 gold pieces
 26650 | Orc:1    | Entered Level 1 of the Orcish Mines
 26796 | Orc:1    | Reached skill level 5 in Shields
 26909 | Orc:1    | Noticed Jorgrun
 26922 | Orc:1    | Killed Jorgrun
 26993 | Orc:1    | Noticed Harold
 27004 | Orc:1    | Killed Harold
 27275 | Orc:2    | Entered Level 2 of the Orcish Mines
 27314 | Orc:2    | Noticed Erolcha
 27319 | Orc:2    | Found a staircase to the Elven Halls.
 27321 | Orc:2    | Killed Erolcha
 27466 | Orc:2    | Found a flickering gateway to a bazaar.
 27559 | Orc:2    | Noticed an orc warlord
 27640 | Bazaar   | Entered a bazaar
 27649 | Bazaar   | Found Woocar's Jewellery Shop.
 27661 | Bazaar   | Found Zicipliy's Book Shop.
 27694 | Bazaar   | Bought the amulet of the Four Winds {rN+ Will+++ Clar} for
                  | 395 gold pieces
 27694 | Bazaar   | Found the amulet of the Four Winds {rN+ Will+++ Clar}
 27694 | Bazaar   | Bought the ring "Deulag" {rC+ rN++ Str+4 SInv} for 495 gold
                  | pieces
 27713 | Bazaar   | Gained mutation: You are frail. (-10% HP) [mutagenic glow]
 27717 | Bazaar   | Bought the ring of Cixu {Wiz +Blink rElec Str+2 Dex+3} for
                  | 553 gold pieces
 28046 | Orc:2    | Killed an orc warlord
 28152 | Orc:2    | Reached skill level 11 in Fighting
 28156 | Orc:2    | Found Alerr's Antique Armour Emporium.
 28184 | Orc:2    | Found Epyrun's Antique Weapon Emporium.
 28287 | Orc:2    | Found Vuc Yce's General Store.
 28296 | Orc:2    | Found Astezept's Jewellery Emporium.
 28931 | Orc:2    | Lost mutation: You are frail. (-10% HP) [potion of
                  | mutation]
 28931 | Orc:2    | Gained mutation: You are strong-willed. (Will+) [potion of
                  | mutation]
 28932 | Orc:2    | Bought a twisted dagger for 273 gold pieces
 28932 | Orc:2    | Identified the +8 dagger of Kofissut {flame, rC+ rCorr
                  | MP+9} (You bought it in a shop on level 2 of the Orcish
                  | Mines)
 28932 | Orc:2    | Bought a scorched dagger for 273 gold pieces
 28932 | Orc:2    | Identified the +4 dagger "Kacis" {vamp, rC+ Str+3 Int+3}
                  | (You bought it in a shop on level 2 of the Orcish Mines)
 29033 | D:10     | Found a sacrificial altar of Ru.
 29067 | D:10     | Found a sparkling altar of Nemelex Xobeh.
 29107 | D:10     | Found a runed translucent gate.
 29108 | D:10     | Found a runed translucent gate.
 29109 | D:10     | Found a runed translucent gate.
 29116 | D:10     | Noticed H0rd4k's ghost (journeyman HuAr)
 29404 | D:10     | Found a white marble altar of Elyvilon.
 29416 | D:10     | Found an iron altar of Okawaru.
 29570 | D:10     | Noticed Psyche
 29574 | D:10     | Killed Psyche
 29627 | D:10     | Reached skill level 5 in Spellcasting
 30346 | D:10     | Killed H0rd4k's ghost
 30475 | D:9      | Killed waddelsworth's ghost
 30482 | D:9      | Identified the +1 double sword of Oozing Pus {freeze, Str+2
                  | Dex+4}
 30830 | D:11     | Found a flagged portal.
 30890 | Bailey   | Entered a bailey
 31101 | Bailey   | Noticed an orc warlord
 31174 | Bailey   | Killed an orc warlord
 31175 | Bailey   | Reached XP level 16. HP: 92/114 MP: 24/24
 31619 | D:11     | Acquired a +0 hat of willpower
 31626 | D:11     | Acquired 1085 gold pieces
 32286 | D:12     | Reached skill level 12 in Fighting
 32530 | D:12     | Noticed Urug
 32535 | D:12     | Killed Urug
 34242 | D:13     | Reached skill level 13 in Fighting
 34249 | D:13     | Reached skill level 10 in Shields
 35631 | D:14     | Found a portal to a secret trove of treasure.
 35650 | D:14     | Found a gate to the Vaults.
 36155 | D:14     | Bought a scroll of blinking for 105 gold pieces
 36155 | D:14     | Bought a scroll of enchant armour for 105 gold pieces
 36155 | D:14     | Bought a scroll of blinking for 105 gold pieces
 36155 | D:14     | Bought a scroll of enchant armour for 105 gold pieces
 36155 | D:14     | Bought a scroll of teleportation for 42 gold pieces
 36155 | D:14     | Bought a scroll of teleportation for 42 gold pieces
 36159 | D:15     | Entered Level 15 of the Dungeon
 36167 | D:15     | Found a basalt altar of Yredelemnul.
 36603 | D:15     | Reached XP level 17. HP: 124/124 MP: 25/25
 36656 | D:15     | Reached skill level 14 in Fighting
 36656 | D:15     | Found a staircase to the Depths.
 36687 | D:15     | Noticed Nessos
 36698 | D:15     | Killed Nessos
 37925 | Swamp:1  | Entered Level 1 of the Swamp
 38291 | Lair:2   | Bought the ring of Divine Compulsion {rPois rF++ rC+ Will-
                  | SInv} for 805 gold pieces
 38625 | Swamp:1  | Noticed Louise
 38644 | Swamp:1  | Killed Louise
 40159 | Swamp:2  | Got the Grimoire of Supportive Stones
 40441 | Swamp:3  | Reached skill level 15 in Fighting
 40790 | Swamp:3  | Identified the +5 quarterstaff of Dominance {elec, Dex+2}
 41314 | Swamp:4  | Entered Level 4 of the Swamp
 41648 | Swamp:4  | Reached XP level 18. HP: 88/134 MP: 26/26
 42439 | Swamp:4  | Reached skill level 15 in Shields
 42617 | Swamp:4  | Reached skill level 1 in Hexes
 42833 | Swamp:4  | Got a decaying rune of Zot
 43024 | Snake:1  | Entered Level 1 of the Snake Pit
 43217 | Snake:1  | Found Zubryn's Book Shoppe.
 43462 | Snake:1  | Found Odoq's Antique Weapon Shoppe.
 43462 | Snake:1  | Found Gycecwe's Armour Emporium.
 44152 | Snake:1  | Bought the Compendium of Mutagenic Enchantment for 798 gold
                  | pieces
 44156 | Snake:1  | Learned a level 3 spell: Dazzling Flash
 44734 | Snake:2  | Found Gismuone's Antique Weapon Shop.
 45274 | Snake:2  | Found Xawuih's Assorted Antiques.
 45274 | Snake:2  | Found Ehibuode's Antique Weapon Emporium.
 45364 | Snake:2  | Noticed Frances
 45371 | Snake:2  | Killed Frances
 46054 | Snake:2  | Bought a potion of heal wounds for 195 gold pieces
 46795 | Snake:2  | Reached XP level 19. HP: 130/139 MP: 30/30
 46801 | Snake:2  | Reached skill level 5 in Hexes
 47470 | Snake:3  | Found Bautepn's Jewellery Emporium.
 48301 | Snake:3  | Bought a +4 ring of slaying for 1248 gold pieces
 48327 | Snake:4  | Entered Level 4 of the Snake Pit
 48369 | Snake:4  | Noticed Saint Roka
 48853 | Snake:4  | Killed Saint Roka
 49674 | Snake:4  | Noticed Mara
 49695 | Snake:4  | Killed Mara
 50969 | Snake:4  | Got a serpentine rune of Zot
 51494 | Vaults:1 | Entered Level 1 of the Vaults
 51505 | Vaults:1 | Reached XP level 20. HP: 145/145 MP: 33/33
 52109 | Vaults:1 | Reached skill level 10 in Spellcasting
 53887 | Vaults:2 | Reached skill level 10 in Hexes
 54094 | Vaults:2 | Found Nyib's Armour Emporium.
 54127 | Vaults:2 | Reached XP level 21. HP: 121/151 MP: 35/35
 54324 | Vaults:2 | HP: 6/151 [dire elephant[an ironbound beastmaster] (8)]
 55428 | Vaults:2 | Reached skill level 15 in Evocations
 57391 | Vaults:3 | Reached skill level 16 in Fighting
 57429 | Vaults:3 | Reached skill level 15 in Dodging
 57765 | Vaults:3 | HP: 4/154 [vault warden (30)]
 58918 | Vaults:3 | You fall into a shaft and drop 1 floor!
 58944 | Vaults:4 | Reached skill level 17 in Fighting
 58975 | Vaults:4 | Noticed Margery
 59001 | Vaults:4 | Noticed Sojobo
 59051 | Vaults:4 | Killed Sojobo
 59052 | Vaults:4 | Reached XP level 22. HP: 46/163 MP: 30/36
 59631 | Vaults:3 | Found Fepnius's Antique Weapon Shop.
 59722 | Vaults:3 | Found a staircase to the Crypt.
 60512 | Vaults:4 | Reached skill level 18 in Fighting
 60616 | Vaults:4 | Killed Margery
 61231 | Vaults:4 | Noticed Donald
 61251 | Vaults:4 | Killed Donald
 62535 | Vaults:4 | Acquired 1092 gold pieces
 62632 | Vaults:5 | Entered Level 5 of the Vaults
 62636 | Vaults:5 | Noticed an ancient lich
 62638 | Vaults:5 | Reached skill level 19 in Fighting
 62831 | Vaults:5 | Noticed a golden dragon
 64543 | Vaults:4 | Killed a golden dragon
 64737 | Vaults:4 | Reached skill level 20 in Fighting
 65761 | Vaults:5 | Noticed a golden dragon
 65777 | Vaults:5 | Killed a golden dragon
 65778 | Vaults:5 | Reached XP level 23. HP: 162/176 MP: 37/37
 65817 | Vaults:5 | Got a silver rune of Zot
 65829 | Vaults:5 | Noticed Mennas
 65979 | Vaults:5 | Noticed a dread lich
 66116 | Vaults:5 | Killed a dread lich
 66122 | Vaults:5 | Killed a dread lich
 66465 | Vaults:5 | Identified the +0 scale mail "Unganena" {*Slow rF+ rN++
                  | Stlth+}
 66570 | Vaults:5 | HP: 9/264 [war gargoyle (27)]
 66576 | Vaults:5 | Mangled by a war gargoyle

Illustrated notes

Levels and vault maps discovered:
D:1:      onia_arrival_mini_maze_b, layout_basic,
          shapermc_ecumenical_altar_hornbeckon
D:2:      layout_basic, serial_shops, shop
D:3:      layout_basic, mainiacjoe_overflow_alcove_2,
          grunt_temple_overflow_diamond, uniq_sigmund
D:4:      layout_loops_ring, minmay_curled_crystal, minmay_surrounded
D:5:      layout_cave_pools, mainiacjoe_overflow_small_starburst,
          ashenzari_conservatory_becter, minmay_statues_item, uniq_ijyb
D:6:      layout_basic, serial_shops, shop, kennysheep_pointless_box,
          columned_hall_lemuel, minmay_misc_feat_tower, minmay_small_thing
D:7:      layout_loops_ring, mainiacjoe_overflow_catwalk,
          minmay_temple_entry_purple_smoke, uniq_menkaure, uniq_pikel
D:8:      layout_basic, kennysheep_donut
D:9:      layout_small_grid, kennysheep_mini, mainiacjoe_overflow_alcove_4,
          lair_entry_dummy, orc_0_dummy, gammafunk_ghost_hydra_chop,
          serial_shops, nicolae_take_the_stairs
D:10:     layout_stronghold, general_overflow_altar, marbit_many_paths,
          old_standard_altar, elyvilon_altar_5, gammafunk_ghost_split,
          dk_noncrumbling_4, hellmonk_guarded_unrand_dark_maul, uniq_psyche
D:11:     layout_loops_ring, enter_bailey_6
D:12:     minmay_ornate_pinched, layout_basic, uniq_urug
D:13:     layout_loops_cross
D:14:     layout_rooms, david_vaults_2, nicolae_trove_entry_crystal,
          serial_bayou_pond_a, small_chamber_with_monster
D:15:     grunt_enter_depths_magical_seal, layout_basic,
          hangedman_decor_opposing, minivault_25_ag, yredelemnul_altar_generic,
          uniq_nessos
Temple:   nicolae_temple_figure_zero
Lair:1:   layout_gridlike, basic_altar, st_stairs_12,
          eino_small_chamber_without_monster, uniq_prince_ribbit2
Lair:2:   layout_layer_cave, palyth_hydra_swamp_entry,
          chequers_serial_rivers_small_3, grunt_megastairs_5,
          minmay_lair_oklob_chamber, infiniplex_staircase_pool_2
Lair:3:   layout_concentric_octagons, guppyfry_snake_entry_island,
          portal_ice_cave_entry_pillars_1, basic_altar, st_stairs_4,
          infiniplex_staircase_pool
Lair:4:   nzn_winding_woodlands_stair_cross [nzn_winding_woodlands_5x15_parted,
          nzn_winding_woodlands_center_triple_pond,
          nzn_winding_woodlands_5x15_garden, nzn_winding_woodlands_hourglass,
          nzn_winding_woodlands_5x5_checkerboard,
          nzn_winding_woodlands_5x15_sawtooth,
          nzn_winding_woodlands_center_pierced_h,
          nzn_winding_woodlands_5x15_sidewinder], layout_regular_city,
          minivault_24
Lair:5:   layout_cave_pods, slime_altar_1, serial_bayou_shore_a,
          grunt_megastairs_3
Lair:6:   wormcave, layout_cave_shapes
Swamp:1:  layout_basic_swamp, nicolae_swamp_triple_paths, swamp_pool2,
          cheibrodos_swamp_minitomb, uniq_louise
Swamp:2:  layout_basic_swamp, evilmike_swamp_ruin_house_5
Swamp:3:  layout_basic_swamp, evilmike_swamp_ruin_wall,
          nicolae_swamp_trees_clearing, swamp_pool1, grunt_hermit_hut
Swamp:4:  nzn_swamp_witches_coven, layout_basic_swamp
Snake:1:  layout_rooms, minmay_shop_star
Snake:2:  nicolae_snake_attic_fulla_snakes, layout_honeycomb, serial_shops,
          shop_fountains, minmay_shoptagon, grunt_megastairs_1, uniq_frances
Snake:3:  layout_rooms, minmay_shop_enchanted_jewellery
Snake:4:  hellmonk_snake_rune_quicksilver_temple, layout_cave_town,
          st_stairs_14, uniq_saint_roka, uniq_mara
Orc:1:    nicolae_orc_accident_2, layout_caves, elves_outpost_lemuel,
          uniq_jorgrun, uniq_harold
Orc:2:    grunt_orc_cross, layout_caves, serial_shops, bzr_in_the_mist,
          uniq_erolcha
Vaults:1: vaults_room_door_hall, v_misc_27, hangedman_vaults_pinch, v_misc_14,
          v_misc_9, grunt_vaults_hallway_short, nicolae_vaults_little_squares_3,
          v_pattern_5, ontoclasm_vaults_chip, v_misc_8,
          nicolae_vaults_quartermaster, layout_vaults_big_room
Vaults:2: vaults_mumra_minichess_inversion, nicolae_vaults_network_quinsquares
          [nicolae_vaults_network_quincunx_subvault,
          nicolae_vaults_network_quincunx_subvault,
          nicolae_vaults_network_quincunx_subvault,
          nicolae_vaults_network_quincunx_subvault],
          nicolae_vaults_statue_guard, hangedman_vaults_corner_blocks,
          nicolae_vaults_alarming, vaults_dpeg_doors, v_misc_26,
          nicolae_vaults_network_star, v_misc_26, nicolae_vaults_asterisk,
          nicolae_vaults_little_squares_5, v_alt_pattern_4,
          nicolae_vaults_diagonal_hallway_8, nicolae_vaults_big_angled_halls,
          layout_vaults_omnibox, serial_shops, shop
Vaults:3: hangedman_vaults_trim, v_misc_2, vaults_room_fours, serial_ice_b,
          grunt_vaults_bifocal, nicolae_vaults_triangles,
          minmay_crypt_entry_simple_statues, nicolae_vaults_twisting_passages,
          vaults_mumra_hexcomb, nicolae_vaults_little_squares_6,
          layout_vaults_ring, serial_shops, nicolae_shop_crystal
Vaults:4: v_misc_22, ontoclasm_vaults_pinch, grunt_vaults_trifunnel, v_misc_25,
          hangedman_vaults_stagger, v_misc_17, vaults_dpeg_hooks,
          layout_vaults_omnigrid, uniq_margery, uniq_donald, uniq_sojobo
Vaults:5: uniq_mennas

Skill      XL: |  1  2  3  4  5  6  7  8  9 10 11 12 13 14 15 16 17 18 19 20 21 22 |
---------------+-------------------------------------------------------------------+-----
Stealth        | 6 7 8 9 10 11 13 15 | 15.0
Shields        | 2 3 4 7 11 14 15 | 15.3
Short Blades   | 3 4 5 8 9 10 11 14 | 14.3
Evocations     | 4 5 8 10 11 12 14 15 | 15.4
Dodging        | 4 6 8 10 11 12 13 15 | 15.0
Fighting       | 4 6 8 10 11 13 15 17 20 | 20.0
Throwing       | 4 5 8 9 10 | 10.6
Spellcasting   | 5 7 9 10 | 10.0
Hexes          | 4 7 10 | 10.0

Action                   |  1- 3 |  4- 6 |  7- 9 | 10-12 | 13-15 | 16-18 | 19-21 | 22-24 || total
-------------------------+-------+-------+-------+-------+-------+-------+-------+-------++-------
Melee: Dagger            |    46 |    61 |   286 |   612 |   263 |       |       |       ||  1268
       Constrict         |    11 |    15 |    40 |    62 |   144 |   107 |   130 |    44 ||   553
       Tentacles         |     7 |    11 |    96 |   198 |   462 |   487 |   601 |   210 ||  2072
       Rapier            |       |       |       |       |   980 |  1190 |  1469 |   515 ||  4154
Throw: Dart              |     4 |    13 |    41 |    57 |    53 |       |       |       ||   168
       Boomerang         |       |       |     1 |    18 |     6 |       |       |    10 ||    35
       Throwing net      |       |       |       |     1 |     1 |       |       |       ||     2
       Javelin           |       |       |       |       |       |     4 |       |       ||     4
 Cast: Dazzling Flash    |       |       |       |       |       |     2 |    34 |     5 ||    41
Invok: Call Merchant     |       |       |       |       |     2 |     3 |     1 |       ||     6
       Potion Petition   |       |       |       |       |     2 |     1 |     4 |     3 ||    10
       Bribe Branch      |       |       |       |       |       |       |       |     1 ||     1
Evoke: Wand              |       |       |     1 |     8 |     6 |     4 |     3 |     2 ||    24
       Phantom mirror    |       |       |       |       |       |     1 |     2 |       ||     3
       Condenser vane    |       |       |       |       |       |       |     1 |     3 ||     4
       Phial of floods   |       |       |       |       |       |       |     1 |       ||     1
  Use: Scroll            |     3 |     2 |       |    11 |    19 |    11 |     7 |     9 ||    62
       Potion            |       |       |     3 |     1 |     2 |     2 |     6 |     2 ||    16
 Stab: Sleeping          |    13 |     7 |    18 |    28 |    53 |    74 |    45 |     8 ||   246
       Distracted        |       |     1 |       |     5 |    21 |    30 |    30 |     4 ||    91
       Paralysed         |       |       |     1 |     1 |     1 |     1 |     1 |     1 ||     6
       Held in net/web   |       |       |       |       |     1 |       |       |       ||     1
       Confused          |       |       |       |       |       |     3 |       |       ||     3
       Invisible         |       |       |       |       |       |     3 |    19 |     3 ||    25
Armor: Skin              |     6 |     4 |    51 |    31 |    49 |    43 |    67 |    24 ||   275
Dodge: Dodged            |    30 |    17 |    88 |   341 |   799 |   499 |   662 |   313 ||  2749
Block: Buckler           |     7 |    13 |    43 |   108 |   266 |    49 |       |       ||   486
       Reflection        |       |       |       |       |     1 |       |       |     7 ||     8
       Kite shield       |       |       |       |       |       |   375 |   695 |   302 ||  1372
